 Dungeon Crawl Stone Soup version 0.26-a0-1164-g1a551d6a14 (webtiles) character file.

Game seed: 7825053777401585720

849 dang3rdave the Skirmisher (level 8, 0/51 HPs)
             Began as a Gargoyle Artificer on Dec 24, 2020.
             Killed by divine providence
             ... invoked by an orc priest
              (9 damage)
             ... on level 5 of the Dungeon.
             The game lasted 00:08:27 (4948 turns).

dang3rdave the Skirmisher (Gargoyle Artificer)      Turns: 4948, Time: 00:08:27

Health: 0/51       AC:  9    Str: 18    XL:     8   Next: 1%
Magic:  8/8        EV: 11    Int: 12    God:
Gold:   171        SH:  5    Dex: 12    Spells: 7/7 levels left

rFire    + . .     SeeInvis .   u - +2 rapier (venom)
rCold    + . .     Faith    .   (no shield)
rNeg     + . .     Spirit   .   b - +0 leather armour
rPois    ∞         Reflect  +   (helmet restricted)
rElec    +         Harm     .   t - scarf {rC+ rF+}
rCorr    .         Rampage  .   (no gloves)
Will     .....                  (no boots)
Stlth    ++........             q - amulet of reflection
HPRegen  0.17/turn              o - +4 ring of slaying
MPRegen  0.11/turn              a - ring of wizardry

@: marked, flying
A: horns 1, thin skeletal structure 1, blurry vision 1, negative energy
resistance 1, electricity resistance, unbreathing, petrification resistance,
miasma immunity, AC +5
a: no special abilities


You were on level 5 of the Dungeon.
You visited 1 branch of the dungeon, and saw 5 of its levels.

You collected 171 gold pieces.

Inventory:

Hand Weapons
 k - a +0 morningstar
 u - a +2 rapier of venom (weapon)
Armour
 b - a +0 leather armour (worn)
 t - a scarf of resistance (worn)
Jewellery
 a - a ring of wizardry (right hand)
 o - a +4 ring of slaying (left hand)
 q - an amulet of reflection (around neck)
Wands
 c - a wand of flame (15) (quivered)
 d - a wand of enslavement (15)
 e - a wand of random effects (15)
Scrolls
 i - 2 scrolls of amnesia {unknown}
 j - 3 scrolls of enchant weapon {unknown}
 l - 3 scrolls of remove curse
 p - 2 scrolls of identify {unknown}
 r - a scroll of fear {unknown}
 v - 2 scrolls of magic mapping {unknown}
 w - a scroll of enchant armour {unknown}
 x - 2 scrolls of noise {unknown}
Potions
 f - a potion of invisibility {unknown}
 g - a potion of berserk rage {unknown}
 h - a potion of mutation
 m - a potion of flight
 n - 2 potions of lignification {unknown}
 s - a potion of degeneration {unknown}
 z - a potion of resistance {unknown}
 A - a potion of might {unknown}


   Skills:
 - Level 6.0 Fighting
 - Level 4.0 Short Blades
 + Level 4.2 Maces & Flails
 + Level 3.1 Armour
 - Level 0.7 Dodging
 - Level 1.1 Stealth
 - Level 2.6 Evocations


You had 7 spell levels left.
You didn't know any spells.
Your spell library was empty.

Dungeon Overview and Level Annotations

Branches:
Dungeon (5/15)
 Temple: D:4-7

Altars:
Xom


Innate Abilities, Weirdness & Mutations

You are resistant to torment.
Your stone body is resilient. (AC +5)
You are immune to poison.
You resist negative energy. (rN+)
You are resistant to electric shocks. (rElec)
You can survive without breathing.
You are immune to petrification.
You are immune to miasma.
You have a pair of small horns on your head.
You have a somewhat thin skeletal structure. (Dex +2, Stealth)
Scrolls take you a little longer to read.


Message History

It was a potion of mutation.
You feel extremely strange.
Your vision blurs.
Your bones become slightly less dense.
A pair of horns grows on your head!
A microbat comes into view.
A megabat comes into view.
The quokka closely misses you.
A phase bat comes into view.
The worker ant bites you.
* * * LOW HITPOINT WARNING * * *
The quokka barely misses you.
Okay, then.
It was a potion of flight.
You feel very buoyant.
You fly up into the air.
A microbat comes into view.
A phase bat comes into view.
The worker ant closely misses you.
A leopard gecko comes into view.
The quokka barely misses you.
The orc priest invokes the aid of Beogh against you.
Beogh smites you!
You die...

.................
...l..b.... ....#
.......... #......
........b##.......
.....b...b.......
.......b.†.......
..............##
....###...##...##.
.....##..@rZo.....
. #......B#oo.##..
###..$####ow#
#....## #.o.
....... .....
.##.... ...# #....
.## ...##. ## ....
..


You could see a worm, a worker ant, 3 orc priests, 2 orcs, a bullfrog zombie, a
leopard gecko, a quokka, a megabat, 2 microbats and 2 phase bats.

Vanquished Creatures
  A phantom (D:4)
  An ogre (D:4)
  A centaur (D:4)
  Blork the orc (D:4)
  A scorpion (D:4)
  A bullfrog skeleton (D:4)
  2 orc priests (D:4)
  An iguana (D:4)
  3 orc wizards (D:4)
  A worker ant (D:4)
  8 gnolls (D:3)
  6 adders
  A shadow imp (D:5)
  2 oozes
  2 worms
  3 dart slugs (D:1)
  5 leopard geckos
  7 orcs
  A ball python (D:3)
  12 bats
  8 giant cockroaches
  10 goblins
  8 hobgoblins
  6 jackals
  5 kobolds
  3 quokkas
  2 frilled lizards
  A leopard gecko skeleton (D:4)
  A quokka skeleton (D:4)
  A quokka zombie (D:4)
  11 rats
116 creatures vanquished.

Notes
Turn   | Place    | Note
-------+----------+-------------------------------------------
     0 | D:1      | dang3rdave the Gargoyle Artificer began the quest for the
                  | Orb.
     0 | D:1      | Reached XP level 1. HP: 12/12 MP: 1/1
   243 | D:1      | Reached skill level 2 in Fighting
   396 | D:1      | Reached XP level 2. HP: 17/17 MP: 2/2
   485 | D:1      | Reached skill level 3 in Fighting
   515 | D:1      | Reached XP level 3. HP: 23/23 MP: 3/3
  1383 | D:2      | Reached skill level 4 in Fighting
  1610 | D:2      | Reached XP level 4. HP: 25/29 MP: 4/4
  2258 | D:2      | Found a shimmering altar of Xom.
  2698 | D:3      | Reached skill level 5 in Fighting
  2719 | D:3      | Reached XP level 5. HP: 35/35 MP: 5/5
  3188 | D:3      | Reached skill level 6 in Fighting
  3191 | D:3      | Reached skill level 1 in Short Blades
  3193 | D:3      | Reached XP level 6. HP: 17/41 MP: 6/6
  3620 | D:4      | Noticed a phantom
  3666 | D:4      | Killed a phantom
  3667 | D:4      | Reached XP level 7. HP: 15/46 MP: 7/7
  4588 | D:4      | Got a faintly glowing scale mail
  4599 | D:4      | Identified the +1 scale mail "Momuutun" {Harm rC+ Will+
                  | Str-5} (You found it on level 4 of the Dungeon)
  4719 | D:4      | Noticed Blork the orc
  4728 | D:4      | Killed Blork the orc
  4729 | D:4      | Reached XP level 8. HP: 47/51 MP: 8/8
  4926 | D:5      | Entered Level 5 of the Dungeon
  4947 | D:5      | Gained mutation: Scrolls take you a little longer to read.
                  | [potion of mutation]
  4947 | D:5      | Gained mutation: You have a somewhat thin skeletal
                  | structure. (Dex +2, Stealth) [potion of mutation]
  4947 | D:5      | Gained mutation: You have a pair of small horns on your
                  | head. [potion of mutation]
  4948 | D:5      | Killed from afar by an orc priest

Illustrated notes

Levels and vault maps discovered:
D:1:      dpeg_arrival_water_fire, layout_basic, ebering_dispersal_statue_hall
D:2:      layout_loops_corners, marbit_many_paths, serial_glass,
          glass_columns_a, glass_columns_a, feat_on_display, feat_on_display,
          minmay_strange_pillars, item_on_display_a
D:3:      layout_basic, serial_glass, glass_columns_b, glass_columns_a,
          glass_columns_c, glass_columns_c, glass_columns_a, glass_columns_a
D:4:      layout_basic, serial_curves, eino_curves_02, eino_curves_02,
          uniq_blork_the_orc
D:5:      layout_cave_pools, goddamned_bats

Skill      XL: |  1  2  3  4  5  6  7 |
---------------+----------------------+-----
Fighting       | 2 3 4 5 6 |  6.0
Short Blades   | 1 4 |  4.0
Maces & Flails | 4 |  4.2
Armour         | 3 |  3.1
Dodging        | |  0.7
Stealth        | |  1.1
Evocations     | |  2.6

Action                   |  1- 3 |  4- 6 |  7- 9 || total
-------------------------+-------+-------+-------++-------
Melee: Dagger            |   110 |   109 |       ||   219
       Rapier            |       |    62 |    59 ||   121
  Use: Potion            |       |     2 |     2 ||     4
       Scroll            |       |       |     1 ||     1
 Stab: Sleeping          |       |     1 |     2 ||     3
Armor: Leather armour    |    46 |    73 |    20 ||   139
Dodge: Dodged            |    80 |    81 |    34 ||   195
Block: Other             |       |    24 |    12 ||    36
       Reflection        |       |     1 |     1 ||     2

Table legend: (Time is in decaauts)
 A = Elapsed time spent in this place.
 B = Non-inter-level travel time spent in this place.
 C = Inter-level travel time spent in this place.
 D = Time resting spent in this place.
 E = Time spent auto-exploring this place.
 F = Levels seen in this place.
 G = Mean time per level.
                   A        B        C        D        E       F      G
               +--------+--------+--------+--------+--------+-----+--------+
         Total |   4958 |   4908 |     50 |    686 |   3463 |   5 |  991.6 |
       Dungeon |   4958 |   4908 |     50 |    686 |   3463 |   5 |  991.6 |
               +--------+--------+--------+--------+--------+-----+--------+

Top non-repeatable levels by time:
     D:4: 1364 daAuts
     D:1: 1227 daAuts
     D:2: 1212 daAuts
     D:3: 1132 daAuts
     D:5: 21 daAuts
